 Dungeon Crawl Stone Soup version 0.18.1-5-g4a78601 (webtiles) character file.

702 NINUZHNO the Insei (level 7, -6/56 HPs)
             Began as a Mummy Monk on May 13, 2016.
             Mangled by jehirs's ghost (11 damage)
             ... on level 5 of the Dungeon.
             The game lasted 00:44:35 (11006 turns).

NINUZHNO the Insei (Mummy Monk)                    Turns: 11006, Time: 00:44:36

Health: -6/56      AC:  0    Str: 15    XL:     7   Next: 39%
Magic:  7/7        EV: 14    Int:  9    God:
Gold:   0          SH:  0    Dex: 16    Spells: 0 memorised, 6 levels left

rFire  x . .     SeeInvis .       - Unarmed
rCold  + . .     Gourm    .     (no armour)
rNeg   + + +     Faith    .     (no shield)
rPois  ∞         Spirit   .     (no helmet)
rElec  .         Dismiss  .     (no cloak)
rCorr  .         Reflect  .     (no gloves)
SustAt .         Harm     .     (no boots)
MR     .....                    (no amulet)
Stlth  ++........               (no ring)
                                (no ring)

@: not resistant to hostile enchantments, unstealthy
A: no food or potions, fire vulnerability, cold resistance 1, negative energy
resistance 3, torment resistance, unbreathing
a: no special abilities


You were on level 5 of the Dungeon.
You were not hungry.

You visited 1 branch of the dungeon, and saw 6 of its levels.

You aren't carrying anything.


   Skills:
 + Level 5.2 Fighting
 + Level 4.0 Dodging
 - Level 1.5 Stealth
 * Level 5.7 Unarmed Combat


You had 6 spell levels left.
You didn't know any spells.

Dungeon Overview and Level Annotations

Branches:
Dungeon (6/15)
 Temple: D:4-7

Altars:
Fedhas
Kikubaaqudgha
Okawaru
Pakellas
Qazlal
Sif Muna

Shops:
D:4 %   D:6 }!

Annotations:
D:4 Sigmund; murphy's ghost, weakling HaAK
D:5 exclusion: centaur, jehirs's ghost, novice DsGl
D:6 Dowan


Innate Abilities, Weirdness & Mutations

You do not eat or drink.
Your flesh is vulnerable to fire.
You are immune to poison.
Your flesh is cold resistant.
You are immune to negative energy.
You are immune to unholy pain and torment.
You can survive without breathing.


Message History

You hit something but do no damage. Something hits you. Something shocks you.
You closely miss something. Something hits you.
* * * LOW HITPOINT WARNING * * *
Something shocks you.
* * * LOW HITPOINT WARNING * * *
You miss something. Something hits you.
* * * LOW HITPOINT WARNING * * *
Something shocks you.
* * * LOW HITPOINT WARNING * * *
A sky beast appears from thin air!
Reactivating autopickup.
The sky beast flickers out of sight!
Deactivating autopickup; reactivate with Ctrl-A.
There is a stone staircase leading up here.
You climb upwards.
Level annotation: exclusion: centaur, jehirs's ghost, novice DsGl Jehirs's ghost completely misses you.
There is a stone staircase leading down here.
Jehirs's ghost hits you!
You die...

###### #....#
########### #....#
#.........# ## #....#
#.(.../...# .# #....#
#.........#
.#####....####.W.......#
...............>@......#
.#####....#######.######
## #....# #....# #
###+## ####.######### #
#........... #.........#
# #.......c...
####....#.# #
#........... #.#<.#.# #
## ####.#######
#.#....#### .##### #.#
#.#)..$..##


You could see jehirs's ghost.

Vanquished Creatures
  2 centaurs
  A giant frog (D:6)
  A scorpion (D:4)
  2 hounds
  An iguana (D:5)
  An orc wizard (D:4)
  A worker ant (D:4)
  4 gnolls
  10 adders
  3 oozes
  An adder skeleton (D:4)
  4 worms
  A dart slug (D:3)
  8 giant geckos
  10 orcs
  A ball python (D:4)
  2 giant cockroaches
  14 goblins
  12 hobgoblins
  14 jackals
  2 quokkas
  10 bats
  6 giant newts
  A jackal zombie (D:5)
  9 kobolds
  16 rats
137 creatures vanquished.

Notes
Turn   | Place    | Note
--------------------------------------------------------------
     0 | D:1      | NINUZHNO the Mummy Monk began the quest for the Orb.
     0 | D:1      | Reached XP level 1. HP: 18/18 MP: 1/1
   860 | D:1      | Reached XP level 2. HP: 20/24 MP: 2/2
  1387 | D:1      | Reached XP level 3. HP: 17/29 MP: 3/3
  2853 | D:2      | Reached XP level 4. HP: 15/36 MP: 4/4
  4524 | D:2      | Reached XP level 5. HP: 41/42 MP: 5/5
  4853 | D:2      | Found an iron altar of Okawaru.
  5243 | D:3      | Found a stormy altar of Qazlal.
  5785 | D:3      | Found a deep blue altar of Sif Muna.
  6350 | D:4      | Found an oddly glowing altar of Pakellas.
  6556 | D:4      | Noticed murphy's ghost (weakling HaAK)
  7108 | D:4      | Reached XP level 6. HP: 47/49 MP: 6/6
  7148 | D:4      | Found an ancient bone altar of Kikubaaqudgha.
  7154 | D:4      | Found a blossoming altar of Fedhas.
  7325 | D:4      | Found Igumma Ikhla's Food Emporium.
  7359 | D:3      | Reached skill level 5 in Unarmed Combat
  7441 | D:4      | Noticed Sigmund
  7505 | D:5      | Entered Level 5 of the Dungeon
  7912 | D:5      | Noticed jehirs's ghost (novice DsGl)
  8891 | D:4      | Noticed a sky beast
  9413 | D:3      | You fall through a shaft for 3 floors!
  9560 | D:6      | Found Feonofod's Gadget Shoppe.
  9784 | D:6      | Noticed a sky beast
  9801 | D:6      | Reached skill level 5 in Fighting
  9801 | D:6      | Reached XP level 7. HP: 46/56 MP: 7/7
  9999 | D:6      | Noticed Dowan
 10461 | D:6      | Found Umuta's Distillery.
 10992 | D:6      | HP: 2/56 [something (5)]
 11006 | D:5      | Mangled by jehirs's ghost

Skill      XL: |  1  2  3  4  5  6  7 |
---------------+----------------------+-----
Unarmed Combat | 4 5 |  5.7
Dodging        | 3 4 |  4.0
Fighting       | 4 5 |  5.2
Stealth        | |  1.5

Action                   |  1- 3 |  4- 6 |  7- 9 || total
-------------------------+-------+-------+-------++-------
Melee: Unarmed           |   211 |   381 |    74 ||   666
       Punch             |     4 |     5 |     2 ||    11
 Stab: Sleeping          |       |     7 |       ||     7
Dodge: Dodged            |   136 |   213 |    36 ||   385
